AoeStats
← pedro25043589

Arabian Desert

510744800Analyzed
1v1 RM · 1d ago on Oct 2, 2026· 36m 37s· 2 players
Game mode
Random Map
Map size
Tiny (2 player)
Population
200
Speed
Normal
Resources
Standard
Victory
Conquest
Starting age
Dark Age
Ending age
Imperial Age
RankedLock teamsTeams togetherTeam positionsShared explorationLock speedFull tech treeHidden civsTurbo modeCheats
Victory
Defeat
🇨🇿 Romans · Czechia
798
+14
🇲🇽 Chinese · Mexico
750
-34
pedro25043589
8:08 Loom
12:40 Feudal Age
13:57 Wheelbarrow
17:52 Double-Bit Axe
34:17 Castle Age
35:38 Thumb Ring
35:38 Elite Skirmisher
looved
11:01 Feudal Age
11:45 Man-at-Arms
15:20 Fletching
18:20 Wheelbarrow
17:30 Loom
17:43 Double-Bit Axe
18:24 Padded Archer Armor
18:35 Forging
22:44 Castle Age
22:49 Crossbowman
23:02 Long Swordsman
24:53 Bodkin Arrow
25:34 Iron Casting
25:41 Ballistics
26:15 Wheelbarrow
28:15 Horse Collar
29:06 Bow Saw
30:34 Heavy Plow
30:58 Squires
31:17 Leather Archer Armor
34:23 Hand Cart
35:54 Scale Mail Armor
35:59 Scale Barding Armor
36:07 Gold Mining
36:07 Stone Mining
Connection lost

Rejoining the realm…

Still unreachable

The connection could not be restored.

Session expired

The server has moved on; the page needs a fresh start.